 Dungeon Crawl Stone Soup version 0.19.4-8-ga85b6b9 (webtiles) character file.

15 doot the Digger (level 2, -1/20 HPs)
             Began as a Ghoul Earth Elementalist on Feb 11, 2017.
             Slain by a gnoll
             ... wielding a +0 spear
              (6 damage)
             ... on level 1 of the Dungeon.
             The game lasted 00:02:22 (842 turns).

doot the Digger (Ghoul Earth Elementalist)           Turns: 842, Time: 00:02:23

Health: -1/20      AC: 10    Str: 11    XL:     2   Next: 50%
Magic:  3/3        EV:  2    Int: 10    God:    Xom [..*...]
Gold:   48         SH:  0    Dex:  9    Spells: 1 memorised, 3 levels left

rFire  . . .     SeeInvis .     i - +0 whip
rCold  + . .     Gourm    .     g - +0 plate armour
rNeg   + + +     Faith    .     (no shield)
rPois  ∞         Spirit   .     (no helmet)
rElec  .         Reflect  .     (no cloak)
rCorr  .         Harm     .     (no gloves)
MR     .....                    (no boots)
Stlth  ..........               (no amulet)
                                (no ring)
                                (no ring)

@: rotting
A: rotting body, claws 1, carnivore 3, cold resistance 1, negative energy
resistance 3, slow regeneration 1, torment resistance, unbreathing
a: Renounce Religion


You were on level 1 of the Dungeon.
You worshipped Xom.
You were a toy of Xom.
You were not hungry.

You visited 1 branch of the dungeon, and saw 1 of its levels.

You collected 48 gold pieces.

Inventory:

Hand Weapons
 i - a +0 whip (weapon)
Missiles
 b - 39 stones (quivered)
Armour
 c - a +0 robe
 g - a +0 plate armour (worn)
Scrolls
 f - a scroll of random uselessness {unknown}
 j - a scroll of remove curse {unknown}
 k - a scroll of teleportation {unknown}
 m - a scroll of identify {unknown}
Potions
 h - a potion of heal wounds {unknown}
 l - a potion of berserk rage {unknown}
Books
 e - a book of Geomancy

   Spells                             Type                      Level
   a - Sandblast                      Earth                        1
   b - Passwall                       Transmutation/Earth          2
   c - Stone Arrow                    Conjuration/Earth            3
   d - Petrify                        Transmutation/Earth          4
   e - Lee's Rapid Deconstruction     Earth                        5
Comestibles
 d - a meat ration


   Skills:
 + Level 2.0 Dodging
 + Level 2.1 Stealth
 * Level 0.7 Unarmed Combat
 + Level 1.9 Spellcasting
   Level 0.8 Transmutations
 * Level 3.7 Earth Magic


You had 3 spell levels left.
You knew the following spells:

 Your Spells              Type           Power        Failure   Level  Hunger
a - Sandblast             Erth           #.....       100%        1    ##.....


Dungeon Overview and Level Annotations

Branches:
Dungeon (1/15)

Altars:
Xom


Innate Abilities, Weirdness & Mutations

Your body is rotting away.
You thrive on raw meat.
You are immune to poison.
You have sharp fingernails.
You are carnivorous and can eat meat at any time.
Your flesh is cold resistant. (rC+)
You are immune to negative energy. (rN+++)
You regenerate slowly when monsters are visible.
You are immune to unholy pain and torment.
You can survive without breathing.


Message History

You closely miss the gnoll. The gnoll hits you with a spear.
Your plate armour prevents you from hitting the gnoll.
The gnoll hits you with a spear.
* * * LOW HITPOINT WARNING * * *
You start eating the beef jerky.
The gnoll hits you but does no damage.
That beef jerky was delicious!
Your plate armour prevents you from hitting the gnoll.
The gnoll hits you with a spear.
* * * LOW HITPOINT WARNING * * *
You barely miss the gnoll. The gnoll hits you but does no damage.
You hit the gnoll.
The gnoll is lightly wounded.
The gnoll hits you but does no damage.
You closely miss the gnoll.
The gnoll is lightly wounded.
The gnoll hits you but does no damage.
Your plate armour prevents you from hitting the gnoll.
The gnoll is lightly wounded.
The gnoll hits you with a spear.
You die...

# # ###### )....#
.....#############
.................#
≈≈≈
.....###########%#
≈≈≈≈ .......# #@#
≈≈≈≈≈ ######.# #g#
≈≈#≈≈ # #.# #..
≈≈≈≈≈ # #.# ####
≈≈≈≈≈ # #.# #####
#≈≈≈≈ # #.# ##...
#≈≈≈# # #.#
######...### ##≈≈≈
# #.# #..........#
###≈ ## #.#
#.####...#.# ###


You could see a gnoll.

Vanquished Creatures
  A bat (D:1)
  A giant cockroach (D:1)
  4 goblins (D:1)
  A hobgoblin (D:1)
  2 jackals (D:1)
  A kobold (D:1)
  2 frilled lizards (D:1)
  A rat (D:1)
13 creatures vanquished.

Notes
Turn   | Place    | Note
-------+----------+-------------------------------------------
     0 | D:1      | doot the Ghoul Earth Elementalist began the quest for the Orb.
     0 | D:1      | Reached XP level 1. HP: 14/14 MP: 2/2
    83 | D:1      | Found a shimmering altar of Xom.
    96 | D:1      | Became a worshipper of Xom of Chaos
   159 | D:1      | XOM: divination: detect creatures
   367 | D:1      | Reached XP level 2. HP: 20/20 MP: 3/3
   425 | D:1      | XOM: divination: magic mapping
   459 | D:1      | XOM: mild Tmut miscast
   713 | D:1      | XOM: harmless Air miscast
   842 | D:1      | Slain by a gnoll

Skill      XL: |  1 |
---------------+----+-----
Dodging        | 2 |  2.0
Stealth        | |  2.1
Unarmed Combat | |  0.7
Spellcasting   | |  1.9
Transmutations | |  0.8
Earth Magic    | |  3.7

Action                   || total
-------------------------++-------
Melee: Whip              ||    93
       Unarmed           ||     7
 Cast: Sandblast         ||     1
  Eat: Chunk             ||     4
       Beef jerky        ||     1
Armor: Plate armour      ||    96
       Robe              ||     1
Dodge: Dodged            ||    10
